Description

Gosu_PvP's Custom Colossus / Disruptor Drop Build

https://drop.sc/replay/12889767

https://www.twitch.tv/gosu_pvp

Replay - CareAgain v PvP - World of Sleepers LE

Build Order

Get SALT Encoding   

  12  0:00  Probe  
  13  0:12  Probe  
  14  0:21  Pylon  
  14  0:24  Probe  
  15  0:39  Probe (Chrono Boost)  
  15  0:40  Gateway  
  16  0:48  Probe (Chrono Boost)  
  17  0:51  Assimilator  
  17  0:53  Probe (Chrono Boost)  
  18  1:05  Probe  
  19  1:17  Probe  
  20  1:27  Nexus  
  20  1:35  Cybernetics Core  
  20  1:37  Probe  
  21  1:46  Assimilator  
  21  1:49  Probe  
  22  1:56  Pylon  
  23  2:11  Adept (Chrono Boost)  
  23  2:14  Warp Gate  
  26  2:28  Robotics Facility  
  27  2:33  Stalker (Chrono Boost)  
  33  2:56  Sentry  
  35  3:02  Gateway  
  37  3:10  Pylon  
  38  3:19  Robotics Bay  
  38  3:26  Assimilator  
  41  3:34  Assimilator  
  41  3:41  Pylon  
  43  3:50  Warp Prism (Chrono Boost), Phoenix  
  43  3:51  Pylon  
  49  4:17  Disruptor (Chrono Boost)  
  49  4:21  Gravitic Drive  
  54  4:34  Gateway x2  
  56  4:39  Sentry x2  
  60  4:45  Disruptor (Chrono Boost)  
  63  4:57  Gateway x2  
  63  5:11  Colossus (Chrono Boost)  
  69  5:35  Extended Thermal Lance, Gateway x2  
  69  5:38  Sentry  
  71  5:47  Colossus (Chrono Boost)  
  71  5:56  Sentry, Stalker x2  
  81  6:09  Sentry  
  81  6:10  Stalker  
  85  6:20  Zealot x2  
  89  6:32  Observer  
  86  6:52  Stalker x6  
Spawning Tool Build Advisor. Get it on Overwolf

Go to:

Details

  • Created by: CharlesFromMars     
  • Published on: Jan 10, 2020
  • Modified on: Jan 10, 2020
  • Patch: 4.11.0
Show
View Real Time Build Order
Export as new Build Order

Comments (0)

There are no comments. Be the first!

Create an account to comment!